← All builds
Geo sea / Legion / Economy first / OBSERVED BUILD

Standard geo sea

Legion Geo sea build order · Supreme Isthmus

The role's baseline: bot lab reclaimed for metal, shipyard built in the cove, Syracusia and Geothermal Powerplant on normal timing, transitioning into Argonaut and other naval units to contest the sea for the rest of the game.

Usually shipyard in the cove (94%) · geo on time (61%)

#naval #eco · 61 distinct matches · 29 players · 72% of Legion Geo sea games · team won 50% of 62 · Recently observed

HOW TO PLAY IT

Key timing: Shipyard by 3:06

  1. Open with mex and solar, then put down Legion Bot Lab for reclaim.
  2. Build Legion Bot Lab early, planning to eat it for metal.
  3. Build shipyard and reclaim the bot lab into the sea economy.
  4. Eat the Legion Bot Lab at 3:12 to fund early sea units.
  5. Add Syracusia then geothermal, transition into Argonaut-led sea army.

Phase by phase

TYPICAL OF ITS 61 GAMES
  1. 1
  2. 2
  3. 3
  4. 4
PLAY THE OPENING

Follow the example game's first 6:00 step by step: what to build now, what comes next, and where it goes. At 1× it keeps pace with your own game.

  1. 1

    Up to the Legion Bot Lab

    Economy
    • Metal Extractor3Mex
    • Wind Turbine3Wind
    Order
    1. Legion Bot LabLegion Bot Lab after 3 mex, 3 winddone ~1:12, middle half 1:05–1:26

    Some games also: wind for allies (40%)

    By 0:55 in all: 3 mex · 3 wind

    The example game in this phase · 5 steps
    1. Mex ×2
    2. Wind
    3. Mex
    4. Wind ×2
    5. Legion Bot LabLegion Bot Labdone 1:04 · typical 1:12
  2. 2

    Legion Bot Lab to Shipyard

    Economy
    • Metal Extractor1Mex
    Order
    1. ShipyardShipyard after 4 mex, 4 wind, 1 con turretdone ~3:16, middle half 2:41–3:35
    Builders
    • Zagreus3 Zagreus
    • Legion Construction Bot3 Legion Construction Bot

    Some games also: wind (50%) · con turret (50%) · Toxotai (39%) · wind for allies (35%) · Goblin (31%)

    By 2:43 in all: 4 mex · 4 wind

    The example game in this phase · 17 steps
    1. ZagreusZagreus
    2. Wind ×2
    3. Wind ×2for Air
    4. ZagreusZagreus
    5. Legion Construction BotLegion Construction Bot
    6. ZagreusZagreus
    7. Legion Construction BotLegion Construction Bot
    8. ToxotaiToxotai
    9. Con turret
    10. ToxotaiToxotai
    11. Mex
    12. Legion Construction BotLegion Construction Bot ×2
    13. GoblinGoblin ×2
    14. Converter ×2
    15. Mex
    16. Converter
    17. ShipyardShipyarddone 3:30 · typical 3:16
  3. 3

    Shipyard to 5:00

    Economy
    • Metal Extractor4Mex
    • Wind Turbine2Wind
    Order
    1. Legion Bot LabEat Legion Bot Lab
    Builders
    • Construction Ship1 Con ship
    Army
    • Argonaut2 Argonaut
    • Syracusia1 Syracusia
    Other
    • Radar Tower1 Radar Tower

    Some games also: Pharos (50%) · Hippocampus (39%) · submarine (39%) · converter (37%)

    By 5:00 in all: 8 mex · 6 wind · 1 energy storage · 1 con turret

    The example game in this phase · 23 steps
    1. Energy storage
    2. Legion Bot LabEat Legion Bot Labreclaimed for its metal
    3. Wind
    4. Construction ShipCon ship
    5. Radar TowerRadar Tower
    6. Mex
    7. KeteaSubmarine
    8. HippocampusHippocampus
    9. Wind
    10. HippocampusHippocampus ×2
    11. Radar TowerRadar Tower
    12. HippocampusHippocampus
    13. Wind
    14. HippocampusHippocampus
    15. PharosPharos
    16. DionysusDionysus
    17. Wind
    18. DionysusDionysus
    19. Mex
    20. DionysusDionysus
    21. PharosPharos
    22. Wind
    23. Construction ShipCon ship
  4. 4

    5:00 to 10:00

    Economy
    • Metal Extractor2Mex
    • Wind Turbine12Wind
    • Energy Converter3Converter
    Order
    1. Geothermal PowerplantGeo after 9 mex, 8 wind, 1 solarin 52% of games
    Builders
    • Construction Turret1 Con turret
    • Dionysus1 Dionysus
    Army
    • Pharos2 Pharos
    • Legion Drone8 Legion Drone
    • Syracusia3 Syracusia
    • Argonaut3 Argonaut

    Some games also: con ship (48%) · Bramble (42%)

    By 10:00 in all: 10 mex · 18 wind · 1 geo · 5 converter · 1 energy storage · 2 con turret

    The example game in this phase · 108 steps
    1. Construction ShipCon ship
    2. ArgonautArgonaut
    3. Radar TowerRadar Tower
    4. HippocampusHippocampus ×2
    5. ArgonautArgonaut
    6. PharosPharos
    7. HippocampusHippocampus
    8. BrambleBramble
    9. HippocampusHippocampus
    10. Mex
    11. Converter
    12. Mex
    13. Wind
    14. Converter
    15. PharosPharos
    16. Naval Radar / Sonar TowerNaval Radar / Sonar Tower
    17. PharosPharos
    18. IapetusIapetus
    19. Converter
    20. HippocampusHippocampus
    21. Wind
    22. SyracusiaSyracusiadone 7:11 · typical 5:32
    23. PharosPharos ×2
    24. Wind
    25. Legion DroneLegion Drone
    26. Wind
    27. Mex
    28. PharosPharos
    29. Legion DroneLegion Drone
    30. Wind
    31. Naval Radar / Sonar TowerNaval Radar / Sonar Tower
    32. OcteresOcteresnot finished by 15:00
    33. SyracusiaSyracusia
    34. BrambleBramble
    35. Wind
    36. Legion DroneLegion Drone
    37. Advanced Metal ExtractorT2 mexdone 9:33
    38. SyracusiaSyracusia
    39. BrambleBramble
    40. Wind
    41. Legion DroneLegion Drone
    42. Wind
    43. Legion DroneLegion Drone
    44. IapetusIapetus ×2
    45. Legion DroneLegion Drone
    46. Wind
    47. PharosPharos
    48. ArgonautArgonaut ×2
    49. Advanced Metal ExtractorT2 mex
    50. PharosPharos
    51. Wind ×2
    52. Legion DroneLegion Drone ×2
    53. Wind
    54. Legion DroneLegion Drone
    55. Wind
    56. ShipyardShipyarddone 11:06
    57. SyracusiaSyracusia
    58. Advanced Metal ExtractorT2 mex
    59. Legion DroneLegion Drone
    60. SyracusiaSyracusia
    61. Wind
    62. Legion DroneLegion Drone ×4
    63. ArgonautArgonaut
    64. Tidal ×2
    65. ArgonautArgonaut
    66. Wind
    67. Legion DroneLegion Drone
    68. Advanced Metal ExtractorT2 mex
    69. DionysusDionysus
    70. Tidal
    71. Legion DroneLegion Drone
    72. DionysusDionysus
    73. Tidal
    74. IapetusIapetus
    75. Wind
    76. IapetusIapetus
    77. Legion DroneLegion Drone ×3
    78. Tidal
    79. Legion DroneLegion Drone
    80. DionysusDionysus
    81. Legion DroneLegion Drone
    82. Tidal
    83. Wind
    84. Legion DroneLegion Drone ×3
    85. Tidal
    86. IapetusIapetus
    87. Legion DroneLegion Drone ×2
    88. ArgonautArgonaut
    89. Legion DroneLegion Drone
    90. Advanced Metal ExtractorT2 mex
    91. Legion DroneLegion Drone
    92. Wind
    93. SyracusiaSyracusia
    94. Legion DroneLegion Drone ×2
    95. Wind
    96. Legion DroneLegion Drone ×2
    97. IapetusIapetus
    98. Legion DroneLegion Drone
    99. KeteaSubmarine
    100. Legion DroneLegion Drone ×4
    101. Wind
    102. Legion DroneLegion Drone
    103. ArgonautArgonaut
    104. Naval Construction Turret
    105. SyracusiaSyracusia
    106. Legion DroneLegion Drone ×2
    107. Wind
    108. Legion DroneLegion Drone ×2

Counts are medians over the build's games: half of them build more, half fewer. The example game is sirniho's (37 OS, 29/09/2026); pick another.

Team trades

IN AT LEAST 30% OF ITS GAMES

You hand over

  • Wind Turbine2 Wind to Airfirst at 1:43 · in 71% of games

You get

  • Finch1 Finch from Airfirst at 1:54 · in 60% of games
  • Hercules1 Light transport from Airfirst at 2:07 · in 44% of games
  • Advanced Construction Bot1 T2 con bot from Techfirst at 7:30 · in 76% of games

How it plays out

Typical game of this build, running totals by minute

Metal produced

010k20k30k
0:005:0010:0015:00

metal

Enemy metal destroyed

05k10k
0:005:0010:0015:00

metal

Own metal lost

02k4k6k
0:005:0010:0015:00

metal

62 games.

Show as table
ByMetal produced: This buildEnemy metal destroyed: This buildOwn metal lost: This build
1:0039500
2:0092800
3:00158400
4:002862020
5:00400714151
6:005382368122
7:006821653293
8:0084801476618
9:001020321361075
10:001218127191316
11:001471838851925
12:001776447562321
13:002035856932976
14:002344268464128
15:002727684014628
WHAT THE NUMBERS SAY

Standard sea opener with heavy early metal from eating the bot lab, but team still won well under half.

  • + Produces far more metal than enemy destroys by 5:00 (3995 vs 183).
  • − Team only won 41% of games despite the strong economy lead.
THE EXAMPLE YOU ARE READING

sirniho

37.5 OS · 29/09/2026

Open source match ↗

3 received units · includes a constructor
108 metal received · 64938 energy received

Allied construction assistance is unknown. Timings are observations, not a promise of solo reproducibility.

Typical milestones

Legion Bot Lab1:12Middle 50%: 1:05–1:26 · n=61
Shipyard3:16Middle 50%: 2:41–3:35 · n=62
Syracusia5:32Middle 50%: 4:58–6:11 · n=62
Geothermal Powerplant7:37Middle 50%: 6:54–9:04 · n=40
Advanced Metal Extractor9:19Middle 50%: 8:34–9:47 · n=45

Played most by

KingBenjai9games of this buildsirniho9games of this buildRysica5games of this buildJesterB4games of this buildQwertylololo4games of this build